 Dungeon Crawl Stone Soup version 0.24-a0-520-g8fd06ad0bc (webtiles) character file.

Game seed: 10522461155631075301

22745 Peloso the Carver (level 12, -20/106 HPs)
             Began as a Minotaur Fighter on July 25, 2019.
             Was the Champion of Okawaru.
             Demolished by Rupert
             ... wielding a +1 executioner's axe of venom
              (21 damage)
             ... on level 3 of the Lair of Beasts.
             The game lasted 00:32:11 (13795 turns).

Peloso the Carver (Minotaur Fighter)               Turns: 13795, Time: 00:32:12

Health: -20/106    AC: 24    Str: 24    XL:     12   Next: 65%
Magic:  18/20      EV: 12    Int:  5    God:    Okawaru [******]
Gold:   966        SH: 21    Dex: 12    Spells: 11/11 levels left

rFire    + . .     SeeInvis .   a - +3 scimitar (flame)
rCold    . . .     Gourm    .   c - +2 shield {rF+}
rNeg     . . .     Faith    .   O - +0 plate armour
rPois    .         Spirit   .   (helmet restricted)
rElec    .         Reflect  +   s - +1 cloak
rCorr    .         Harm     .   l - +0 pair of gloves
MR       .....                  M - +1 pair of boots {Fly}
Stlth    ..........             E - +4 amulet of reflection
HPRegen  0.27/turn              P - ring of magical power
MPRegen  0.17/turn              (no ring)

@: lethally poisoned (-20 -> -55), heroism, flying
A: retaliatory headbutt, horns 2
a: Heroism, Finesse, Renounce Religion, Stop Flying


You were on level 3 of the Lair of Beasts.
You worshipped Okawaru.
Okawaru was exalted by your worship.
You were hungry.

You visited 3 branches of the dungeon, and saw 18 of its levels.

You collected 966 gold pieces.

Inventory:

Hand Weapons
 a - a +3 scimitar of flaming (weapon)
Armour
 b - a +0 scale mail
 c - a +2 shield of fire resistance (worn)
 l - a +0 pair of gloves (worn)
 s - a +1 cloak (worn)
 v - a +0 chain mail
 M - a +1 pair of boots of flying (worn)
 O - a +0 plate armour (worn)
Jewellery
 j - an uncursed amulet of rage
 m - an uncursed amulet of regeneration
 E - a +4 amulet of reflection (around neck)
 P - a ring of magical power (left hand)
Wands
 e - a wand of flame (32)
 i - a wand of disintegration (6)
 C - a wand of enslavement (17)
 D - a wand of scattershot (3)
Scrolls
 g - 2 scrolls of magic mapping {unknown}
 h - a scroll of enchant armour {unknown}
 o - a scroll of fear {unknown}
 q - 2 scrolls of immolation {unknown}
 u - 3 scrolls of amnesia
 w - 6 scrolls of remove curse
 y - 5 scrolls of blinking {unknown}
 F - a scroll of fog {unknown}
 H - a scroll of brand weapon {unknown}
 K - a scroll of torment {unknown}
 L - 2 scrolls of summoning {unknown}
 N - a scroll of random uselessness {unknown}
 Q - a scroll of vulnerability {unknown}
 R - 2 scrolls of teleportation {unknown}
 U - 2 scrolls of identify
Potions
 d - a potion of might
 k - 5 potions of heal wounds
 n - 2 potions of flight
 p - a potion of mutation
 r - a potion of invisibility
 t - 2 potions of brilliance
 x - 3 potions of haste
 z - 3 potions of ambrosia
 A - 2 potions of curing
 B - a potion of cancellation
 G - 3 potions of berserk rage {unknown}
 I - a potion of agility
 J - 2 potions of degeneration {unknown}
 S - a potion of lignification {unknown}
Comestibles
 f - 36 rations


   Skills:
 + Level 10.1(15.1) Fighting
 + Level 14.2(19.2) Long Blades
 + Level 11.3(16.3) Armour
 + Level 5.2(10.2) Dodging
 + Level 1.7(6.7) Stealth
 + Level 13.9(18.9) Shields
 + Level 0.3 Invocations
 + Level 0.3 Evocations


You had 11 spell levels left.
You didn't know any spells.
Your spell library contained the following spells:

 Spells                   Type           Power        Failure   Level  Hunger
 Apportation              Tloc           #.....       98%         1    ##.....
 Confusing Touch          Hex            #.....       98%         1    ##.....
 Summon Butterflies       Summ           #.......     98%         1    ##.....
 Confuse                  Hex            #.......     100%        3    ####...
 Gell's Gravitas          Tloc           #.........   100%        3    ####...
 Lesser Beckoning         Tloc           #.........   100%        3    ####...
 Tukima's Dance           Hex            #.......     100%        3    ####...
 Petrify                  Tmut/Erth      #.......     100%        4    #####..
 Alistair's Intoxication  Tmut/Pois      #.......     100%        5    ######.
 Metabolic Englaciation   Hex/Ice        #.........   100%        5    ######.
 Yara's Violent Unravell  Hex/Tmut       #.........   100%        5    ######.
 Invisibility             Hex            #.......     100%        6    #######
 Malign Gateway           Summ/Tloc      #.........   100%        7    #######
 Monstrous Menagerie      Summ           #.........   100%        7    #######
 Summon Greater Demon     Summ           #.........   100%        7    #######
 Summon Horrible Things   Summ           #.........   100%        8    #######


Dungeon Overview and Level Annotations

Branches:
Dungeon (14/15)            Temple (1/1) D:6            Lair (3/6) D:10
  Snake (0/4) Lair:3          Orc (0/2) D:11
  Swamp: Lair:2-4    Shoals: Lair:2-4    Vaults: D:13-14

Altars:
Ashenzari
Cheibriados
Dithmenos
Elyvilon
Gozag
Hepliaklqana
Kikubaaqudgha
Makhleb
Okawaru
Qazlal
Ru
Sif Muna
Trog
Uskayaw
Vehumet
Xom
Yredelemnul
Zin
The Shining One

Shops:
D:6 :

Annotations:
D:12 exclusion: orange crystal statue
Lair:3 Rupert


Innate Abilities, Weirdness & Mutations

You reflexively headbutt those who attack you in melee.
You have a pair of horns on your head.


Message History

You feel sick. You block Rupert's attack.
You slash Rupert! You burn Rupert. You headbutt Rupert.
Rupert is heavily wounded.
You feel sick.
You hit Rupert. You burn Rupert. You headbutt Rupert, but do no damage.
Rupert is severely wounded.
You feel sick. Rupert hits you but does no damage.
You are more poisoned.
You gain the combat prowess of a mighty hero.
* * * LOW HITPOINT WARNING * * *
You feel very sick.
Rupert hits you with a +1 executioner's axe of venom!!
* * * LOW HITPOINT WARNING * * *
You are more poisoned.
You slash Rupert! You burn Rupert.
Rupert is severely wounded.
* * * LOW HITPOINT WARNING * * *
You feel sick.
Rupert hits you with a +1 executioner's axe of venom!!
You die...

##...............................
#P..............................+
##.............###.@...........#.
#.....[........# ##.#.###........
#.............# ##..###.........
##.............# #..## #.........
#P....#.#......###..## #.......##
##...###.####...P##..# #........
##...##### #....@@...# #.......#
#.....# #........## ##......##
##....# ##....#######.......##
#...## #...##..)..........##
##...## #..##.))...#.###.####
#.....### #.##..)#.#.### ###..#
##.....P#. ###....)...# ##.#
##........ ##...#.#.#.# #.#
#P......## ##..........# #..


You could see Rupert (berserk).

Vanquished Creatures
  A hydra (Lair:1)
  Erica (D:8)
  A centaur warrior (D:14)
  A two-headed ogre (D:11)
  A cyclops (D:11)
  An ugly thing (D:12)
  A manticore (D:12)
  A black mamba (Lair:1)
  3 gargoyles
  7 spiny frogs
  A komodo dragon (D:10)
  3 trolls
  A jumping spider (shapeshifter) (D:14)
  Grinder (D:6)
  10 blink frogs
  A hippogriff (Lair:2)
  11 yaks
  2 wyverns
  Grum (D:8)
  2 hungry ghosts
  4 vampire mosquitoes (D:14)
  A basilisk (Lair:2)
  2 soldier ants (D:8)
  5 nagas (Lair:3)
  An acid dragon (D:14)
  2 porcupines
  6 water moccasins
  5 orc warriors (D:11)
  2 black bears
  4 ice beasts
  5 sky beasts
  6 phantoms
  An eye of draining (D:11)
  A black bear (shapeshifter) (D:14)
  A necrophage (D:12)
  2 ogres
  2 wolves (D:8)
  7 centaurs
  10 crocodiles
  3 big kobolds
  16 bullfrogs
  4 scorpions
  7 killer bees
  5 wights (D:6)
  6 crimson imps
  2 bullfrog zombies (D:12)
  A jelly (D:8)
  8 orc priests
  A centaur zombie (D:7)
  6 hounds
  A quasit (D:5)
  9 orc wizards
  6 hell rats
  An iguana (D:8)
  10 worker ants
  2 hound skeletons (D:6)
  3 worker ant zombies
  7 gnolls
  7 adders
  10 river rats
  3 shadow imps
  An ooze (D:7)
  2 worms
  2 dart slugs (D:1)
  10 leopard geckos
  41 orcs
  7 giant cockroaches
  13 hobgoblins
  9 jackals
  24 kobolds
  7 quokkas
  2 ball pythons
  7 bats
  2 frilled lizards
  16 goblins
  22 rats
  A plant (Lair:1)
  A toadstool (D:6)
403 creatures vanquished.

Vanquished Creatures (others)
  3 centaurs (D:13)
  A plant (D:10)
  4 toadstools (D:6)
8 creatures vanquished.

Grand Total: 411 creatures vanquished

Notes
Turn   | Place    | Note
-------+----------+-------------------------------------------
     0 | D:1      | Peloso the Minotaur Fighter began the quest for the Orb.
     0 | D:1      | Reached XP level 1. HP: 19/19 MP: 0/0
    61 | D:1      | Reached XP level 2. HP: 14/27 MP: 1/1
   372 | D:1      | Reached XP level 3. HP: 33/33 MP: 2/2
   501 | D:1      | Reached skill level 3 in Long Blades
   534 | D:1      | You fall into a shaft and drop 1 floor!
   946 | D:3      | Reached XP level 4. HP: 40/40 MP: 3/3
  1060 | D:3      | Reached skill level 1 in Dodging
  1123 | D:3      | Noticed a phantom
  1163 | D:3      | Reached XP level 5. HP: 37/46 MP: 4/4
  1172 | D:3      | Reached skill level 4 in Long Blades
  1180 | D:3      | Killed a phantom
  1180 | D:3      | Reached skill level 5 in Long Blades
  1180 | D:3      | Reached skill level 5 in Shields
  1180 | D:3      | Reached XP level 6. HP: 23/53 MP: 5/5
  1541 | D:3      | Found a basalt altar of Yredelemnul.
  2013 | D:4      | Noticed a sky beast
  2024 | D:4      | Killed a sky beast
  2517 | D:4      | Reached skill level 5 in Armour
  2713 | D:4      | Found a shadowy altar of Dithmenos.
  2870 | D:5      | Entered Level 5 of the Dungeon
  2884 | D:5      | Reached XP level 7. HP: 59/60 MP: 6/6
  2925 | D:5      | Reached skill level 6 in Long Blades
  3430 | D:5      | Found a snail-covered altar of Cheibriados.
  3430 | D:5      | Found a glowing golden altar of the Shining One.
  3558 | D:5      | Noticed a hungry ghost
  3602 | D:5      | Killed a hungry ghost
  3602 | D:5      | Reached skill level 5 in Fighting
  3757 | D:5      | Reached XP level 8. HP: 69/69 MP: 7/7
  3974 | D:6      | Reached skill level 7 in Long Blades
  4115 | D:6      | Found Zuoxae's Book Shoppe.
  4224 | D:6      | Found a staircase to the Ecumenical Temple.
  4227 | D:6      | Noticed Grinder
  4252 | D:6      | HP: 2/70 [Grinder (4)]
  4265 | D:6      | Killed Grinder
  4265 | D:6      | Reached skill level 8 in Long Blades
  4265 | D:6      | Reached skill level 1 in Stealth
  4279 | Temple   | Entered the Ecumenical Temple
  4345 | Temple   | Became a worshipper of Warmaster Okawaru
  4604 | D:6      | Reached XP level 9. HP: 77/77 MP: 8/8
  4869 | D:7      | Reached skill level 9 in Long Blades
  4894 | D:7      | Found a glowing silver altar of Zin.
  5109 | D:7      | Reached * piety under Okawaru
  6082 | D:8      | Reached ** piety under Okawaru
  6441 | D:8      | Reached skill level 10 in Long Blades
  6477 | D:8      | Reached XP level 10. HP: 80/86 MP: 9/9
  6573 | D:8      | Noticed Erica
  6603 | D:8      | Killed Erica
  6603 | D:8      | Reached *** piety under Okawaru
  6642 | D:8      | Found an opulent altar of Gozag.
  6666 | D:8      | Noticed Grum
  6673 | D:8      | Killed Grum
  6673 | D:8      | Reached skill level 10 in Shields
  7227 | D:10     | Entered Level 10 of the Dungeon
  7323 | D:10     | Reached **** piety under Okawaru
  7323 | D:10     | Received a gift from Okawaru
  7330 | D:10     | Reached skill level 11 in Long Blades
  7691 | D:10     | Found a staircase to the Lair.
  7938 | D:11     | You fall into a shaft and drop 3 floors!
  7997 | D:13     | Noticed a gargoyle
  8035 | D:14     | Reached XP level 11. HP: 30/95 MP: 10/10
  8389 | D:14     | Reached ***** piety under Okawaru
  8481 | D:13     | Noticed a centaur warrior
  8653 | D:13     | Reached skill level 12 in Long Blades
  8663 | D:14     | Killed a centaur warrior
  8868 | D:11     | Noticed a two-headed ogre
  8890 | D:11     | Killed a two-headed ogre
  8953 | D:11     | Received a gift from Okawaru
  9387 | D:11     | Found a staircase to the Orcish Mines.
  9471 | D:11     | Reached skill level 5 in Dodging
  9926 | D:12     | Reached skill level 13 in Long Blades
 10048 | D:12     | Noticed an orange crystal statue
 10249 | D:12     | Noticed a purple ugly thing
 10255 | D:12     | Killed a purple ugly thing
 10255 | D:12     | Reached skill level 10 in Armour
 10523 | Lair:1   | Entered Level 1 of the Lair of Beasts
 10540 | Lair:1   | Noticed a four-headed hydra
 10556 | Lair:1   | Killed a one-headed hydra
 10564 | Lair:1   | Reached XP level 12. HP: 103/105 MP: 11/11
 12380 | Lair:2   | Reached ****** piety under Okawaru
 12380 | Lair:2   | Reached skill level 14 in Long Blades
 12495 | Lair:2   | Reached skill level 10 in Fighting
 12524 | Lair:2   | Received a gift from Okawaru
 13590 | Lair:3   | Found a staircase to the Snake Pit.
 13755 | Lair:3   | Noticed Rupert
 13794 | Lair:3   | HP: 3/106 [Rupert/+1 executioner's axe of venom (21)]
 13795 | Lair:3   | HP: 1/106 [poisoned by Rupert]
 13795 | Lair:3   | Demolished by Rupert

Levels and vault maps discovered:
D:1:      scummos_arrival_checkerplants, layout_loops_ring, st_stairs_12
D:2:      layout_rooms, hex_medium
D:3:      layout_basic, lemuel_coloured_pillars_altar
D:4:      corexii_shack_village, layout_loops_ring,
          nicolae_dithmenos_the_darkroom, serial_bayou_lagoon_a
D:5:      layout_basic, gammafunk_temple_overflow_elements, first_ration
D:6:      layout_loops_ring, minmay_temple_entry_stoned_glass, serial_shops,
          nicolae_shop_waterfront, minmay_gold_behind_fungi, uniq_grinder
D:7:      layout_cave_pools, old_standard_altar
D:8:      layout_rooms, kennysheep_mini_moat, hangedman_pestilent_swarm,
          uniq_erica, uniq_grum
D:9:      layout_long_grid
D:10:     layout_rooms, david_lair_shrubbed
D:11:     layout_stronghold, david_orc_4, minmay_misc_feat_more_columns,
          st_stairs_9
D:12:     layout_loops_ring, minmay_more_statues
D:13:     layout_rooms, lightli_vaults_fourway_checkpoint, grunt_ministairs_10
D:14:     layout_rooms, serial_glass, glass_columns_a, glass_columns_b,
          glass_columns_c, glass_columns_b, glass_columns_b, glass_columns_c,
          minmay_misc_feat_four_crosses
Temple:   eino_temple_rhombus
Lair:1:   layout_cave_pods, serial_bayou_shore_a, infiniplex_staircase_pool_2
Lair:2:   layout_hall_layers, kennysheep_abandoned_house
Lair:3:   layout_chaotic_city, minmay_snake_entry_guardpost_large,
          kennysheep_rathole, uniq_rupert

Skill      XL: |  1  2  3  4  5  6  7  8  9 10 11 12 |
---------------+-------------------------------------+-----
Shields        | 4 5 6 7 9 11 12 13 | 13.9
Armour         | 4 5 6 7 8 9 10 11 | 11.3
Fighting       | 4 5 6 7 8 9 10 | 10.1
Long Blades    | 3 5 6 8 10 11 13 14 | 14.2
Dodging        | 1 3 4 5 |  5.2
Stealth        | 1 |  1.7
Invocations    | |  0.3
Evocations     | |  0.3

Action                   |  1- 3 |  4- 6 |  7- 9 | 10-12 || total
-------------------------+-------+-------+-------+-------++-------
Melee: Long sword        |   109 |   146 |   126 |       ||   381
       Headbutt          |    17 |    29 |    54 |   128 ||   228
       Scimitar          |       |       |   224 |   668 ||   892
Invok: Heroism           |       |       |       |     6 ||     6
Evoke: Wand              |       |       |       |     1 ||     1
  Use: Potion            |       |       |     5 |     1 ||     6
       Scroll            |       |       |       |     9 ||     9
  Eat: Chunk             |       |     7 |    10 |    22 ||    39
       Ration            |       |       |     3 |       ||     3
Armor: Scale mail        |    60 |    72 |    20 |       ||   152
       Chain mail        |       |       |   135 |    85 ||   220
       Plate armour      |       |       |       |   138 ||   138
Dodge: Dodged            |    30 |    50 |   100 |   154 ||   334
Block: Shield            |    79 |    92 |   214 |   611 ||   996
       Reflection        |       |       |       |    33 ||    33
       Rpst.: Long sword |    10 |    12 |    11 |       ||    33
       Scimitar          |       |       |    20 |    41 ||    61

Table legend:
 A = Non-vault XP
 B = Vault XP
 C = Vault XP percentage of total XP
 D = Non-vault monster count
 E = Vault monster count
 F = Vault count percentage of total count
                 A         B        C        D         E       F
            +---------+---------+-------+---------+---------+-------
      Total |   27505 |    4988 |  15.4 |     333 |      71 |  17.6
            +---------+---------+-------+---------+---------+-------
        D:1 |      50 |       1 |   2.0 |      27 |       1 |   3.6
        D:2 |      40 |       0 |   0.0 |      23 |       0 |   0.0
        D:3 |     324 |       0 |   0.0 |      31 |       0 |   0.0
        D:4 |     271 |      20 |   6.9 |      16 |      10 |  38.5
        D:5 |     749 |       0 |   0.0 |      15 |       0 |   0.0
        D:6 |    1504 |     277 |  15.6 |      33 |       1 |   2.9
        D:7 |     904 |       0 |   0.0 |      13 |       0 |   0.0
        D:8 |    1271 |    1714 |  57.4 |      25 |       8 |  24.2
        D:9 |     233 |       0 |   0.0 |      15 |       0 |   0.0
       D:10 |    1897 |     361 |  16.0 |      16 |       1 |   5.9
       D:11 |    2978 |    1077 |  26.6 |      29 |      19 |  39.6
       D:12 |    2721 |       0 |   0.0 |      20 |       0 |   0.0
       D:13 |     446 |       0 |   0.0 |       6 |       0 |   0.0
       D:14 |    3447 |       0 |   0.0 |      14 |       0 |   0.0
     Lair:1 |    4925 |       0 |   0.0 |      21 |       0 |   0.0
     Lair:2 |    4810 |     550 |  10.3 |      23 |      13 |  36.1
     Lair:3 |     935 |     988 |  51.4 |       6 |      18 |  75.0
            +---------+---------+-------+---------+---------+-------
